Map: Dusty Gorge

Players

anthonis

  • Race: Protoss Protoss
  • Spawn Location: 5:00

Vuulcann

  • Race: Zerg Zerg
  • Spawn Location: 3:00

Subwaymaker - Winner!

  • Race: Protoss Protoss
  • League: Silver
  • Spawn Location: 9:00

Mesrob - Winner!

  • Race: Terran Terran
  • Spawn Location: 11:00

VOD

Have the link to the VOD?

Description

Time

  • Played on: Jan. 7, 2019, 3:27 p.m.
  • Length: 12:15
Show
View Real Time Build Order
Export as new Build Order

anthonis Protoss 

Build Orders:  

Get SALT Encoding   

  12  0:07  Probe  
  13  0:25  Pylon  
  13  0:27  Pylon  
  13  0:31  Probe  
  14  0:43  Probe  
  14  0:44  Assimilator  
  15  0:53  Assimilator  
  15  1:15  Probe, Gateway  
  15  1:16  Gateway  
  16  1:27  Probe  
  17  1:39  Probe  
  18  1:49  Pylon  
  18  1:54  Pylon  
  18  2:00  Pylon  
  18  2:03  Probe  
  19  2:13  Forge  
  19  2:15  Probe  
  20  2:27  Probe  
  21  2:33  Zealot  
  21  2:34  Zealot  
  25  2:41  Probe  
  26  2:57  Cybernetics Core  
  26  3:00  Zealot  
  26  3:01  Zealot  
  30  3:27  Zealot  
  30  3:28  Zealot  
  34  3:42  Protoss Shields Level 1  
  34  3:47  Stargate  
  34  3:48  Stargate  
  34  3:50  Stargate  
  34  4:53  Zealot  
  34  4:55  Zealot  
  38  5:10  Pylon  
  38  5:13  Pylon  
  38  5:20  Zealot  
  40  5:22  Zealot  
  42  5:47  Zealot  
  42  5:49  Zealot  
  46  6:08  Void Ray  
  46  6:10  Void Ray  
  54  6:14  Zealot  
  54  6:16  Zealot  
  58  6:41  Zealot  
  58  6:43  Zealot  
  62  6:48  Fleet Beacon  
  62  6:51  Void Ray  
  62  6:53  Void Ray  
  38  7:48  Void Ray x2  
  38  7:49  Void Ray  
  46  8:20  Photon Cannon  
  46  8:22  Photon Cannon  
  46  8:25  Photon Cannon  
  46  8:27  Photon Cannon  
  46  8:29  Photon Cannon  
  46  8:40  Stalker  
  48  8:46  Stalker  
  48  9:04  Void Ray  
  3  10:30  Pylon  
  3  10:51  Photon Cannon  
  3  10:52  Photon Cannon  
Show
View Real Time Build Order
Export as new Build Order

Vuulcann Zerg 

Build Orders: 1 Base Baneling Bust, Pool First 

Get SALT Encoding   

  12  0:14  Drone x2  
  14  0:26  Extractor  
  13  0:32  Spawning Pool  
  12  0:43  Drone  
  12  0:44  Drone  
  14  0:57  Overlord  
  14  1:10  Evolution Chamber  
  13  1:19  Queen  
  15  1:30  Drone  
  15  1:31  Drone x2  
  18  1:37  Extractor  
  17  1:43  Metabolic Boost  
  17  2:12  Zergling x6  
  20  2:27  Baneling Nest  
  19  2:38  Zergling x4  
  19  2:39  Zergling x2  
  22  2:44  Overlord  
  22  3:03  Drone x3  
  25  3:33  Drone  
  25  3:34  Drone  
  27  3:40  Overlord  
  28  3:41  Drone x2  
  23  4:35  Roach Warren  
  22  4:43  Drone  
  22  4:44  Drone  
  24  4:47  Drone  
  25  4:59  Hatchery  
  24  5:05  Extractor  
  23  5:07  Extractor, Drone  
  23  5:14  Lair  
  23  5:17  Zerg Melee Weapons Level 1  
  23  5:30  Roach x4  
  31  6:00  Spine Crawler  
  31  6:01  Spine Crawler  
  29  6:09  Spine Crawler  
  28  6:11  Spore Crawler  
  28  6:13  Drone x3  
  28  6:14  Drone  
  31  6:19  Drone  
  32  6:34  Drone x2  
  32  6:39  Overlord  
  34  6:42  Overlord  
  34  6:47  Drone  
  34  6:50  Drone  
  34  6:54  Drone  
  29  7:11  Zerg Missile Weapons Level 1  
  29  7:14  Zergling x4  
  31  7:16  Drone x5  
  36  7:49  Spine Crawler  
  36  7:51  Spore Crawler  
  13  9:05  Zerg Ground Armor Level 1  
  13  9:12  Hatchery  
  13  9:14  Hatchery  
  9  10:35  Roach  
  11  10:39  Roach  
  13  10:44  Drone  
  13  10:45  Drone  
  15  10:50  Roach  
  15  11:16  Roach  
  15  11:17  Roach  
  12  11:41  Roach  
Show
View Real Time Build Order
Export as new Build Order

Subwaymaker Protoss - Winner!

Build Orders:  

Get SALT Encoding   

  1  0:00  Probe  
  12  0:06  Probe  
  14  0:33  Pylon  
  14  0:42  Assimilator, Probe  
  15  1:00  Gateway  
  15  1:02  Probe  
  15  1:10  Probe  
  17  1:20  Probe  
  18  1:31  Pylon  
  18  1:32  Probe  
  19  1:44  Probe  
  20  1:56  Probe  
  20  1:59  Cybernetics Core  
  20  2:07  Probe  
  21  2:15  Probe  
  22  2:23  Probe  
  22  2:24  Assimilator  
  23  2:32  Pylon  
  23  2:35  Forge, Probe  
  24  2:37  Stargate  
  24  2:47  Probe, Zealot  
  27  2:57  Probe  
  27  3:05  Probe  
  29  3:16  Pylon  
  29  3:20  Photon Cannon  
  29  3:21  Photon Cannon  
  29  3:42  Void Ray  
  29  3:44  Stalker  
  29  3:46  Protoss Air Weapons Level 1  
  35  4:38  Void Ray  
  39  4:47  Pylon  
  39  4:48  Pylon  
  39  4:50  Pylon  
  39  5:12  Nexus  
  39  5:14  Pylon, Void Ray  
  39  5:17  Pylon  
  43  5:51  Stargate  
  43  5:57  Void Ray  
  43  6:01  Assimilator  
  47  6:07  Assimilator  
  47  6:14  Stargate  
  47  6:19  Photon Cannon  
  47  6:21  Shield Battery  
  47  6:24  Stalker  
  49  6:29  Probe  
  50  6:36  Probe  
  50  6:37  Probe  
  51  6:43  Void Ray  
  51  6:44  Probe  
  51  6:47  Probe  
  56  6:54  Probe  
  58  6:59  Probe  
  60  7:06  Probe  
  61  7:11  Probe  
  62  7:18  Probe  
  63  7:27  Void Ray  
  63  7:28  Void Ray  
  69  8:10  Void Ray  
  69  8:11  Void Ray  
  77  8:16  Probe  
  78  8:29  Probe  
  79  8:41  Probe  
  80  8:53  Probe  
  79  9:05  Probe  
  42  10:01  Void Ray x2  
  50  10:14  Stalker  
  50  10:16  Void Ray  
  56  10:30  Pylon  
  56  10:33  Pylon  
  56  10:38  Photon Cannon  
  56  10:40  Photon Cannon  
  56  10:43  Photon Cannon  
  56  10:44  Stalker, Photon Cannon, Void Ray x2  
  66  10:59  Void Ray  
  70  11:14  Stalker  
  72  11:27  Void Ray x2  
Show
View Real Time Build Order
Export as new Build Order

Mesrob Terran - Winner!

Build Orders:  

Get SALT Encoding   

  12  0:01  SCV  
  13  0:18  Supply Depot  
  13  0:21  SCV  
  14  0:31  Refinery  
  14  0:33  SCV  
  15  0:43  Barracks  
  15  0:47  SCV  
  16  1:06  SCV  
  17  1:18  SCV  
  18  1:33  Supply Depot  
  18  1:41  Factory  
  18  1:52  Barracks Tech Lab  
  18  1:55  Supply Depot  
  18  1:57  SCV  
  19  2:23  Refinery  
  19  2:26  Barracks Reactor  
  19  2:39  Barracks  
  19  2:46  Orbital Command  
  19  2:51  Siege Tank  
  22  3:06  Engineering Bay  
  22  3:08  Marine x2  
  24  3:23  Siege Tank  
  24  3:26  Marine x2  
  29  3:29  Barracks Tech Lab  
  29  3:39  Command Center  
  29  3:52  Marine  
  30  3:55  Siege Tank  
  30  3:58  Combat Shield  
  33  4:06  Marine  
  33  4:08  Marine  
  35  4:11  SCV  
  36  4:18  Terran Infantry Weapons Level 1  
  36  4:34  Refinery  
  36  4:51  Marine x2  
  36  4:52  Siege Tank  
  41  5:13  Refinery, Orbital Command  
  41  5:14  SCV  
  42  5:26  SCV  
  43  5:46  Siege Tank  
  43  5:49  Marine x3  
  49  5:59  SCV  
  50  6:06  Marine  
  50  6:07  Marine  
  52  6:11  SCV  
  52  6:12  Terran Infantry Armor Level 1  
  52  6:13  Stimpack  
  53  6:23  SCV  
  54  6:29  Starport  
  54  6:34  Supply Depot  
  54  6:56  Marauder, SCV  
  54  6:57  Supply Depot  
  49  7:17  Marauder  
  43  7:52  Marine  
  43  7:53  Marine x2  
  43  7:55  Starport Reactor  
  45  8:10  Marine  
  45  8:11  Marine  
  46  8:27  SCV  
  47  8:39  SCV  
  47  9:09  Marine x3  
  50  9:11  Siege Tank  
  47  9:26  Marine  
  47  9:27  Marine x2  
  49  9:43  Siege Tank  
  49  9:44  Marine  
  49  9:45  Marine x2  
  54  10:02  Marine x2  
  54  10:03  Marine  
  53  10:15  Siege Tank  
  53  10:20  Marine x3  
  58  10:38  Marine x3  
  61  10:47  Siege Tank  
  64  10:55  Marine  
  64  10:56  Marine x2  
  66  11:13  Marine  
  66  11:14  Marine x2  
  68  11:32  Marine  
  69  11:37  Siege Tank  
Tags
 
Add a new tag
Caveats
  • Supply blocks, unpowered buildings, or Contaminate may cause inaccurate times.
  • Supply counts are checked every 10 seconds.